 Dungeon Crawl Stone Soup version 0.27.0-1-g7a089689b8 (webtiles) character file.

Game seed: 1374166352243669156

161 SnakkuSnakku7 the Shield-Bearer (level 5, -3/41 HPs)
             Began as a Formicid Fighter on Aug 11, 2021.
             Killed from afar by Robin (9 damage)
             ... with a puff of flame
             ... on level 3 of the Dungeon.
             The game lasted 00:02:02 (2329 turns).

SnakkuSnakku7 the Shield-Bearer (Formicid Fighter)  Turns: 2329, Time: 00:02:03

Health: -3/41      AC: 10    Str: 21    XL:     5   Next: 70%
Magic:  5/5        EV:  6    Int:  8    God:
Gold:   73         SH: 10    Dex: 10    Spells: 4/4 levels left

rFire    . . .     SeeInvis +   a - +0 war axe
rCold    . . .     Faith    .   c - +0 kite shield
rNeg     . . .     Spirit   .   l - +0 chain mail
rPois    .         Reflect  .   (helmet unavailable)
rElec    .         Harm     .   g - +0 cloak
rCorr    .         Rampage  .   (no gloves)
Will     .....                  (no boots)
Stlth    ..........             (no amulet)
HPRegen  0.13/turn              (no ring)
MPRegen  0.09/turn              (no ring)

@: no status effects
A: permanent stasis, dig shafts and tunnels, antennae 3, four strong arms
a: Dig, Shaft Self


You were on level 3 of the Dungeon.
You visited 1 branch of the dungeon, and saw 3 of its levels.

You collected 73 gold pieces.

Inventory:

Hand Weapons
 a - a +0 war axe (weapon)
Armour
 b - a +0 scale mail
 c - a +0 kite shield (worn)
 g - a +0 cloak (worn)
 l - a +0 chain mail (worn)
Jewellery
 h - an amulet of the acrobat
Scrolls
 f - a scroll of immolation {unknown}
 i - a scroll of enchant weapon {unknown}
 k - 3 scrolls of identify {unknown}
 m - a scroll of amnesia {unknown}
 n - a scroll of noise {unknown}
Potions
 d - a potion of might
 e - 2 potions of ambrosia {unknown}
 j - a potion of attraction {unknown}
 o - a potion of mutation {unknown}
 p - 3 potions of brilliance {unknown}
 q - 2 potions of curing


   Skills:
 - Level 3.2 Fighting
 + Level 4.1 Axes
 - Level 3.2 Armour
 + Level 0.4 Dodging
 + Level 0.9 Stealth
 + Level 5.3 Shields


You had 4 spell levels left.
You didn't know any spells.
Your spell library contained the following spells:

 Spells                   Type           Power      Damage    Failure   Level
 Ignite Poison            Fire/Tmut/Pois 0%         N/A       100%        3
 Mephitic Cloud           Conj/Pois/Air  0%         N/A       100%        3
 Bolt of Magma            Conj/Fire/Erth 0%         4d4       100%        5


Dungeon Overview and Level Annotations

Branches:
Dungeon (3/15)

Altars:
Wu Jian

Annotations:
D:2 1 runed translucent door, Crazy Yiuf
D:3 Grinder, Robin


Innate Abilities, Weirdness & Mutations

You cannot be hasted, slowed, berserked, paralysed or teleported.
You can dig through walls and to a lower floor.
You have a pair of large antennae on your head. (SInv)
Your four strong arms can wield two-handed weapons with a shield.


Message History

You block the hobgoblin's attack. The goblin hits you with a +0 club.
* * * LOW HITPOINT WARNING * * *
Unknown command.
You slash the goblin!
You kill the goblin!
You barely miss the hobgoblin. You hit the hobgoblin.
You barely miss the goblin. You block the hobgoblin's attack. x2
The goblin hits you with a +0 club.
* * * LOW HITPOINT WARNING * * *
The goblin hits you but does no damage.
Robin roars a battlecry!
The goblins go into a battle-frenzy!
The hobgoblin hits you but does no damage.
Unknown command.
You slash the goblin!
You kill the goblin!
You slash the hobgoblin!
You kill the hobgoblin!
You barely miss the hobgoblin. You slash the goblin!
You kill the goblin!
You block the hobgoblin's attack.
Grinder blinks!
Unknown command.
The hobgoblin hits you but does no damage.
You block Robin's attack.
Grinder blinks!
Items here: ))) †††.
Robin zaps a wand.
The puff of flame hits you.
* * * LOW HITPOINT WARNING * * *
Grinder says, "Tell me all your secrets, or I'll kill you."
Grinder gestures at you.
Your stasis prevents you from being paralysed.
You see here a book of Maledictions.
Unknown command.
Robin says, "My goblins will feast on your bones."
Grinder blinks!
Found a stone staircase leading down.
Robin zaps a wand.
The puff of flame hits you.
* * * LOW HITPOINT WARNING * * *
Robin laughs in a distinctly smug fashion.
Robin zaps a wand.
The puff of flame hits you!
You die...

######### #.......#
#.#.#.#.# .#
#####.......# #.#
#....g#.#)#.## #.#
####.....:.).)..###.##
#>.......#.#.#........
#....@g..$.5..........
#.##......#.##.##.....
. #####[##....##.....
#.#####.##..... #.#
#.##..... #.#
#..+..... ####..)..
#....... #.....##


You could see Grinder, Robin and a hobgoblin (strong).

Vanquished Creatures
  Natasha (thrice) (D:2)
  An adder (D:3)
  A dart slug (D:1)
  An orc (D:3)
  5 ball pythons
  6 bats
  4 endoplasms
  A giant cockroach (D:1)
  15 goblins
  7 hobgoblins
  6 jackals
  9 kobolds
  2 frilled lizards (D:2)
  6 rats
67 creatures vanquished.

Notes
Turn   | Place    | Note
-------+----------+-------------------------------------------
     0 | D:1      | SnakkuSnakku7 the Formicid Fighter began the quest for the
                  | Orb.
     0 | D:1      | Reached XP level 1. HP: 18/18 MP: 1/1
    49 | D:1      | Reached skill level 4 in Shields
    49 | D:1      | Reached XP level 2. HP: 8/24 MP: 2/2
   421 | D:1      | Reached XP level 3. HP: 24/29 MP: 3/3
   991 | D:1      | Found a faded altar of an unknown god.
  1228 | D:2      | Reached XP level 4. HP: 31/35 MP: 4/4
  1274 | D:2      | Found an ornate altar of the Wu Jian Council.
  1352 | D:2      | Noticed Natasha
  1362 | D:2      | Killed Natasha
  1449 | D:2      | Noticed Natasha
  1459 | D:2      | Killed Natasha
  1460 | D:2      | Reached XP level 5. HP: 2/41 MP: 5/5
  1834 | D:2      | Noticed Natasha
  1842 | D:2      | Killed Natasha
  1843 | D:2      | Reached skill level 5 in Shields
  1942 | D:2      | Found a runed translucent door.
  1943 | D:2      | Noticed Crazy Yiuf
  2310 | D:3      | Noticed Robin
  2312 | D:3      | Noticed Grinder
  2329 | D:3      | Killed from afar by Robin

Illustrated notes

Levels and vault maps discovered:
D:1:      elethiomel_arrival_maze, layout_basic,
          shapermc_ecumenical_altar_totnotflames,
          hangedman_decor_clover_reticule, minmay_misc_feat_room,
          roderic_roman_lattice
D:2:      layout_basic, basic_altar, uniq_crazy_yiuf_cottage, uniq_natasha
D:3:      layout_basic, mainiacjoe_overflow_cross_hatched, elyvilon_altar_3,
          serial_glass, glass_columns_a, glass_columns_a, glass_columns_b,
          glass_columns_c, glass_columns_b, glass_columns_a,
          chequers_serial_rivers_marsh, uniq_terence, uniq_robin, uniq_grinder

Skill      XL: |  1  2  3  4  5 |
---------------+----------------+-----
Shields        | 4 5 |  5.3
Axes           | 3 4 |  4.1
Fighting       | |  3.2
Armour         | |  3.2
Dodging        | |  0.4
Stealth        | |  0.9

Action                   |  1- 3 |  4- 6 || total
-------------------------+-------+-------++-------
Melee: War axe           |   104 |    84 ||   188
Armor: Scale mail        |    32 |       ||    32
       Chain mail        |     6 |    56 ||    62
Dodge: Dodged            |    31 |    21 ||    52
Block: Kite shield       |    69 |    71 ||   140
